[ AOE2 MATCH · #474554743 ]
UnrankedKhmer vs Burmese
[ REPLAY ANALYSIS · EXTRACTED FROM THE RECORDED GAME ]
Feudal
8:51
Castle
21:10
Imperial
—
| APM avg | 55.4 |
| APM peak | 87 |
| eAPM avg | 23.1 |
| Villagers / military | 84 / 36 |
Focus
⚔️ 26.3% · 🌾 73.7%
Scout Cavalry ×18 · Knight ×16 · Mangonel ×1 · Battering Ram ×1
Feudal
10:56
Castle
14:26
Imperial
—
| APM avg | 45.0 |
| APM peak | 173 |
| eAPM avg | 25.0 |
| Villagers / military | 118 / 77 |
Focus
⚔️ 31.7% · 🌾 68.3%
Knight ×68 · Monk ×9
Feudal
10:55
Castle
14:30
Imperial
—
| APM avg | 39.8 |
| APM peak | 75 |
| eAPM avg | 19.7 |
| Villagers / military | 94 / 56 |
Focus
⚔️ 30.4% · 🌾 69.6%
Battle Elephant ×54 · Monk ×2
Feudal
—
Castle
—
Imperial
—
| APM avg | 45.8 |
| APM peak | 93 |
| eAPM avg | 21.4 |
| Villagers / military | 89 / 53 |
Focus
⚔️ 30.6% · 🌾 69.4%
Composite Bowman ×33 · Militia ×11 · Spearman ×8 · Warrior Priest ×1
Feudal
10:01
Castle
30:38
Imperial
—
| APM avg | 93.1 |
| APM peak | 161 |
| eAPM avg | 34.8 |
| Villagers / military | 69 / 47 |
Focus
⚔️ 51.3% · 🌾 48.7%
Archer ×47
Feudal
8:51
Castle
21:09
Imperial
—
| APM avg | 66.7 |
| APM peak | 111 |
| eAPM avg | 22.1 |
| Villagers / military | 75 / 81 |
Focus
⚔️ 38.4% · 🌾 61.6%
Archer ×81
Feudal
9:46
Castle
20:58
Imperial
—
| APM avg | 38.8 |
| APM peak | 65 |
| eAPM avg | 14.9 |
| Villagers / military | 66 / 61 |
Focus
⚔️ 21.9% · 🌾 78.1%
Archer ×60 · Mangonel ×1
Feudal
8:38
Castle
26:39
Imperial
—
| APM avg | 40.7 |
| APM peak | 126 |
| eAPM avg | 22.0 |
| Villagers / military | 90 / 7 |
Focus
⚔️ 37.1% · 🌾 62.9%
Knight ×7
Match map
Initial resources + every placement click. Lines = walls · curves = elevation contours. ◆ gold · ⬟ stone · ● berries · ✦ relic · ◌ wall gap
Your base· ✓ Closed at 21:10 · 0t walls · 2 gate(s)
Dango's base· ✓ Closed at 14:26 · 0t walls · 2 gate(s)
Thundernips, The Ultimate Gigolo's base· ✓ Closed at 14:30 · 0t walls · 2 gate(s)
CTMl cachi's base· ✓ Closed at 19:00 · 0t walls · 3 gate(s)
Dr. Jenkins's base· ✓ Closed at 30:38 · 14t walls · 2 gate(s)
eddy1343712's base· ✓ Closed at 21:09 · 0t walls · 2 gate(s)
médjais's base· ✓ Closed at 20:58 · 1t walls · 2 gate(s)
OnlyTrush's base· ✓ Closed at 26:39 · 43t walls · 4 gate(s)
Smoothed initial terrain · ◌ = detected wall gap · hover for details
Inputs per minute
— Z_1_p_l_a - - Dango
Build order — Z_1_p_l_a
First 150 of 256 actions detected
| 0:01 | Create | Villager (Male) |
| 0:01 | Create | Villager (Male) |
| 0:02 | Build | House |
| 0:03 | Build | House |
| 0:39 | Create | Villager (Male) |
| 0:46 | Create | Villager (Male) |
| 1:24 | Create | Villager (Male) |
| 1:48 | Build | Lumber Camp |
| 1:50 | Create | Villager (Male) |
| 2:08 | Build | Lumber Camp |
| 2:23 | Create | Villager (Male) |
| 2:48 | Create | Villager (Male) |
| 3:15 | Create | Villager (Male) |
| 3:43 | Create | Villager (Male) |
| 3:46 | Build | House |
| 3:57 | Create | Villager (Male) |
| 4:27 | Create | Villager (Male) |
| 4:40 | Create | Villager (Male) |
| 5:03 | Create | Villager (Male) |
| 5:35 | Create | Villager (Male) |
| 6:05 | Create | Villager (Male) |
| 6:32 | Research | Feudal Age |
| 6:47 | Build | Mill |
| 7:24 | Build | House |
| 8:30 | Create | Villager (Male) |
| 8:51 | Age | Feudal Age |
| 8:52 | Build | Stable |
| 8:58 | Research | Double-Bit Axe |
| 8:59 | Research | Horse Collar |
| 8:59 | Research | Horse Collar |
| 9:00 | Create | Villager (Male) |
| 9:04 | Build | Farm |
| 9:16 | Build | House |
| 9:24 | Create | Villager (Male) |
| 9:34 | Create | Scout Cavalry |
| 9:35 | Create | Scout Cavalry |
| 9:46 | Build | Farm |
| 9:52 | Build | Farm |
| 9:54 | Create | Villager (Male) |
| 9:56 | Build | House |
| 9:59 | Build | Farm |
| 10:05 | Create | Villager (Male) |
| 10:09 | Build | Farm |
| 10:39 | Create | Scout Cavalry |
| 10:42 | Create | Villager (Male) |
| 10:44 | Build | Farm |
| 11:01 | Build | Farm |
| 11:05 | Build | House |
| 11:06 | Create | Scout Cavalry |
| 11:15 | Create | Villager (Male) |
| 11:18 | Build | Farm |
| 11:21 | Create | Villager (Male) |
| 11:42 | Create | Villager (Male) |
| 11:44 | Build | Farm |
| 11:55 | Create | Scout Cavalry |
| 12:00 | Build | House |
| 12:00 | Create | Villager (Male) |
| 12:21 | Create | Villager (Male) |
| 12:24 | Build | House |
| 12:28 | Build | Farm |
| 12:38 | Create | Scout Cavalry |
| 12:42 | Create | Villager (Male) |
| 12:53 | Build | Farm |
| 12:56 | Build | Farm |
| 13:01 | Create | Scout Cavalry |
| 13:10 | Create | Scout Cavalry |
| 13:17 | Build | House |
| 13:47 | Create | Villager (Male) |
| 13:49 | Build | Farm |
| 13:52 | Build | House |
| 13:55 | Create | Scout Cavalry |
| 14:04 | Build | Blacksmith |
| 14:10 | Build | Mining Camp |
| 14:11 | Create | Villager (Male) |
| 14:38 | Build | Farm |
| 14:57 | Create | Villager (Male) |
| 15:00 | Build | Farm |
| 15:14 | Create | Villager (Male) |
| 15:17 | Research | Bloodlines |
| 15:18 | Research | Bloodlines |
| 15:21 | Research | Forging |
| 15:21 | Research | Forging |
| 15:34 | Create | Villager (Male) |
| 15:38 | Build | Farm |
| 15:40 | Build | Farm |
| 15:55 | Create | Villager (Male) |
| 15:57 | Build | Farm |
| 16:00 | Build | Farm |
| 16:24 | Create | Villager (Male) |
| 16:28 | Build | Farm |
| 16:30 | Build | Farm |
| 16:31 | Build | Farm |
| 16:44 | Create | Villager (Male) |
| 16:49 | Build | Farm |
| 16:54 | Research | Scale Barding Armor |
| 16:54 | Research | Scale Barding Armor |
| 17:16 | Create | Scout Cavalry |
| 17:25 | Create | Villager (Male) |
| 17:35 | Research | Loom |
| 17:47 | Build | House |
| 17:50 | Build | House |
| 17:57 | Build | House |
| 18:02 | Build | House |
| 18:30 | Research | Castle Age |
| 18:39 | Build | Stable |
| 18:56 | Research | Gold Mining |
| 19:05 | Create | Scout Cavalry |
| 19:05 | Create | Scout Cavalry |
| 19:25 | Create | Scout Cavalry |
| 19:27 | Create | Villager (Male) |
| 19:33 | Create | Scout Cavalry |
| 19:33 | Create | Scout Cavalry |
| 19:36 | Create | Scout Cavalry |
| 19:39 | Create | Scout Cavalry |
| 19:46 | Build | Stable |
| 19:50 | Create | Scout Cavalry |
| 20:00 | Build | Watch Tower |
| 21:07 | Build | House |
| 21:10 | Age | Castle Age |
| 21:14 | Build | Siege Workshop |
| 21:17 | Research | Chain Barding Armor |
| 21:18 | Create | Knight |
| 21:18 | Create | Knight |
| 21:19 | Research | Husbandry |
| 21:19 | Research | Husbandry |
| 21:20 | Create | Knight |
| 21:20 | Create | Knight |
| 21:22 | Research | Bow Saw |
| 21:23 | Create | Villager (Male) |
| 21:42 | Create | Villager (Male) |
| 21:46 | Build | Gate |
| 21:55 | Create | Knight |
| 22:06 | Create | Mangonel |
| 22:13 | Build | Farm |
| 22:13 | Create | Villager (Male) |
| 22:36 | Create | Villager (Male) |
| 22:42 | Create | Knight |
| 22:48 | Create | Battering Ram |
| 23:02 | Create | Villager (Male) |
| 23:10 | Build | Farm |
| 23:11 | Create | Villager (Male) |
| 23:21 | Create | Knight |
| 23:26 | Create | Knight |
| 23:34 | Create | Villager (Male) |
| 23:43 | Research | Light Cavalry (upgrade) |
| 23:43 | Research | Light Cavalry (upgrade) |
| 24:13 | Research | Wheelbarrow |
| 24:13 | Research | Town Watch |
| 24:18 | Build | Market |
| 24:20 | Build | Farm |
Build order — Dango
First 150 of 303 actions detected
| 0:00 | Create | Villager (Male) |
| 0:01 | Create | Villager (Male) |
| 0:01 | Create | Villager (Male) |
| 0:02 | Build | House |
| 0:05 | Build | House |
| 0:10 | Create | Villager (Male) |
| 0:11 | Create | Villager (Male) |
| 0:18 | Create | Villager (Male) |
| 0:18 | Create | Villager (Male) |
| 1:29 | Create | Villager (Male) |
| 1:29 | Create | Villager (Male) |
| 1:47 | Build | Lumber Camp |
| 1:50 | Create | Villager (Male) |
| 1:50 | Create | Villager (Male) |
| 2:14 | Create | Villager (Male) |
| 2:14 | Create | Villager (Male) |
| 3:12 | Create | Villager (Male) |
| 3:13 | Create | Villager (Male) |
| 3:47 | Create | Villager (Male) |
| 3:48 | Create | Villager (Male) |
| 4:01 | Build | House |
| 4:02 | Create | Villager (Male) |
| 4:11 | Build | Mill |
| 4:41 | Create | Villager (Male) |
| 4:41 | Create | Villager (Male) |
| 5:30 | Build | House |
| 6:09 | Build | House |
| 6:12 | Create | Villager (Male) |
| 6:12 | Create | Villager (Male) |
| 6:49 | Build | Farm |
| 6:51 | Build | Farm |
| 7:01 | Create | Villager (Male) |
| 7:02 | Create | Villager (Male) |
| 7:50 | Create | Villager (Male) |
| 8:00 | Build | Mining Camp |
| 8:07 | Create | Villager (Male) |
| 8:10 | Research | Feudal Age |
| 8:15 | Build | Farm |
| 8:33 | Create | Villager (Male) |
| 8:33 | Create | Villager (Male) |
| 8:40 | Build | Farm |
| 8:42 | Build | Farm |
| 10:56 | Age | Feudal Age |
| 10:57 | Build | Market |
| 10:59 | Build | Blacksmith |
| 11:45 | Research | Castle Age |
| 11:46 | Research | Castle Age |
| 11:49 | Build | Barracks |
| 12:09 | Research | Double-Bit Axe |
| 12:44 | Research | Scale Barding Armor |
| 12:45 | Research | Scale Barding Armor |
| 13:08 | Build | Stable |
| 13:27 | Research | Loom |
| 13:39 | Research | Forging |
| 13:46 | Build | Farm |
| 13:48 | Build | Farm |
| 14:22 | Create | Villager (Male) |
| 14:26 | Age | Castle Age |
| 14:29 | Create | Knight |
| 14:35 | Build | Monastery |
| 14:59 | Create | Knight |
| 15:03 | Create | Villager (Male) |
| 15:12 | Create | Knight |
| 15:14 | Build | House |
| 15:18 | Research | Town Watch |
| 15:20 | Create | Monk |
| 15:20 | Create | Monk |
| 15:22 | Build | House |
| 15:29 | Create | Villager (Male) |
| 15:37 | Create | Monk |
| 15:39 | Create | Villager (Male) |
| 15:42 | Build | Farm |
| 15:43 | Build | Farm |
| 15:44 | Create | Villager (Male) |
| 15:52 | Create | Knight |
| 15:54 | Create | Villager (Male) |
| 15:57 | Build | House |
| 16:03 | Create | Knight |
| 16:06 | Create | Monk |
| 16:26 | Create | Villager (Male) |
| 16:26 | Create | Villager (Male) |
| 16:37 | Build | Stable |
| 16:39 | Create | Villager (Male) |
| 16:53 | Create | Villager (Male) |
| 16:54 | Create | Villager (Male) |
| 16:59 | Create | Knight |
| 17:05 | Build | Farm |
| 17:10 | Create | Villager (Male) |
| 17:11 | Build | Farm |
| 17:30 | Create | Villager (Male) |
| 17:40 | Create | Knight |
| 17:41 | Create | Knight |
| 17:57 | Build | Farm |
| 17:58 | Create | Villager (Male) |
| 17:59 | Build | Farm |
| 18:00 | Build | Farm |
| 18:02 | Build | House |
| 18:08 | Create | Villager (Male) |
| 18:14 | Build | Farm |
| 18:31 | Create | Knight |
| 18:31 | Create | Knight |
| 18:40 | Create | Villager (Male) |
| 18:43 | Build | House |
| 18:44 | Create | Knight |
| 18:44 | Create | Knight |
| 18:55 | Create | Villager (Male) |
| 19:00 | Create | Monk |
| 19:06 | Create | Villager (Male) |
| 19:25 | Create | Villager (Male) |
| 19:26 | Create | Villager (Male) |
| 19:38 | Create | Knight |
| 19:38 | Create | Knight |
| 19:50 | Create | Villager (Male) |
| 19:50 | Create | Villager (Male) |
| 19:59 | Create | Villager (Male) |
| 19:59 | Create | Villager (Male) |
| 20:13 | Create | Knight |
| 20:13 | Create | Knight |
| 20:18 | Build | Town Center |
| 20:22 | Create | Knight |
| 20:22 | Create | Knight |
| 20:33 | Build | Farm |
| 20:33 | Build | Farm |
| 20:38 | Create | Knight |
| 20:39 | Create | Knight |
| 20:58 | Create | Knight |
| 21:21 | Create | Knight |
| 21:22 | Create | Knight |
| 21:30 | Create | Villager (Male) |
| 21:30 | Create | Villager (Male) |
| 21:38 | Create | Villager (Male) |
| 21:38 | Create | Villager (Male) |
| 21:39 | Create | Villager (Male) |
| 21:43 | Create | Villager (Male) |
| 21:57 | Create | Knight |
| 22:12 | Create | Villager (Male) |
| 22:25 | Create | Knight |
| 22:25 | Create | Knight |
| 22:31 | Create | Monk |
| 22:31 | Create | Monk |
| 22:37 | Build | Farm |
| 22:37 | Build | Farm |
| 22:38 | Build | Farm |
| 22:38 | Build | Farm |
| 22:38 | Build | Farm |
| 22:38 | Build | Farm |
| 22:39 | Build | Farm |
| 22:51 | Create | Villager (Male) |
| 22:51 | Create | Villager (Male) |
| 23:05 | Create | Knight |
Build order — Thundernips, The Ultimate Gigolo
First 150 of 253 actions detected
| 0:00 | Create | Villager (Male) |
| 0:00 | Create | Villager (Male) |
| 0:00 | Create | Villager (Male) |
| 0:01 | Create | Villager (Male) |
| 0:01 | Create | Villager (Male) |
| 0:02 | Build | House |
| 0:06 | Build | House |
| 0:35 | Build | House |
| 0:36 | Build | House |
| 1:40 | Create | Villager (Male) |
| 2:01 | Create | Villager (Male) |
| 2:04 | Build | Lumber Camp |
| 2:22 | Create | Villager (Male) |
| 2:52 | Create | Villager (Male) |
| 3:07 | Create | Villager (Male) |
| 3:45 | Create | Villager (Male) |
| 3:45 | Create | Villager (Male) |
| 3:54 | Build | House |
| 4:10 | Build | House |
| 4:28 | Create | Villager (Male) |
| 4:35 | Create | Villager (Male) |
| 4:56 | Create | Villager (Male) |
| 5:01 | Build | Mill |
| 5:46 | Create | Villager (Male) |
| 5:55 | Create | Villager (Male) |
| 6:12 | Create | Villager (Male) |
| 6:33 | Create | Villager (Male) |
| 6:35 | Create | Villager (Male) |
| 6:35 | Create | Villager (Male) |
| 6:38 | Create | Villager (Male) |
| 6:41 | Build | Farm |
| 6:44 | Build | Farm |
| 7:10 | Build | Mining Camp |
| 8:31 | Research | Feudal Age |
| 9:55 | Build | Barracks |
| 10:32 | Create | Villager (Male) |
| 10:33 | Create | Villager (Male) |
| 10:55 | Age | Feudal Age |
| 10:58 | Build | Stable |
| 11:10 | Build | Blacksmith |
| 11:25 | Build | Farm |
| 11:39 | Create | Villager (Male) |
| 11:50 | Research | Castle Age |
| 11:57 | Research | Horse Collar |
| 12:08 | Research | Gold Mining |
| 12:21 | Build | Farm |
| 12:52 | Build | Farm |
| 12:56 | Build | Farm |
| 13:01 | Research | Bloodlines |
| 14:00 | Research | Scale Barding Armor |
| 14:27 | Create | Villager (Male) |
| 14:30 | Age | Castle Age |
| 14:31 | Research | Heavy Plow |
| 14:41 | Build | Farm |
| 14:43 | Build | Farm |
| 14:45 | Create | Villager (Male) |
| 14:49 | Build | Farm |
| 14:51 | Build | Farm |
| 15:00 | Create | Battle Elephant |
| 15:12 | Build | Farm |
| 15:18 | Create | Villager (Male) |
| 15:29 | Build | Farm |
| 15:33 | Build | Farm |
| 15:36 | Build | Farm |
| 15:38 | Build | Farm |
| 15:40 | Create | Villager (Male) |
| 15:54 | Create | Battle Elephant |
| 15:58 | Build | Farm |
| 16:08 | Create | Villager (Male) |
| 16:20 | Build | Farm |
| 16:21 | Create | Villager (Male) |
| 16:39 | Create | Battle Elephant |
| 16:42 | Build | House |
| 16:49 | Research | Husbandry |
| 16:49 | Research | Husbandry |
| 16:53 | Build | Farm |
| 16:56 | Create | Villager (Male) |
| 17:08 | Build | House |
| 17:18 | Create | Battle Elephant |
| 17:24 | Create | Villager (Male) |
| 17:41 | Build | House |
| 17:47 | Create | Battle Elephant |
| 17:49 | Create | Villager (Male) |
| 18:16 | Create | Battle Elephant |
| 18:20 | Build | Town Center |
| 18:22 | Create | Villager (Male) |
| 18:32 | Create | Battle Elephant |
| 18:32 | Create | Battle Elephant |
| 18:52 | Create | Villager (Male) |
| 18:57 | Create | Villager (Male) |
| 18:59 | Build | Farm |
| 19:01 | Build | Farm |
| 19:01 | Build | Farm |
| 19:07 | Create | Battle Elephant |
| 19:13 | Create | Villager (Male) |
| 19:32 | Create | Villager (Male) |
| 19:34 | Build | Farm |
| 19:34 | Create | Villager (Male) |
| 19:36 | Build | Farm |
| 19:45 | Create | Battle Elephant |
| 19:51 | Build | Farm |
| 20:07 | Research | Forging |
| 20:29 | Create | Battle Elephant |
| 20:29 | Create | Battle Elephant |
| 20:38 | Create | Villager (Male) |
| 20:48 | Create | Villager (Male) |
| 20:50 | Build | House |
| 20:51 | Build | House |
| 21:07 | Research | Chain Barding Armor |
| 21:22 | Create | Villager (Male) |
| 21:26 | Create | Battle Elephant |
| 21:34 | Create | Villager (Male) |
| 21:52 | Create | Villager (Male) |
| 21:53 | Create | Villager (Male) |
| 21:55 | Build | Farm |
| 21:57 | Build | Farm |
| 21:58 | Build | Farm |
| 21:58 | Create | Villager (Male) |
| 22:00 | Create | Villager (Male) |
| 22:12 | Create | Battle Elephant |
| 22:27 | Create | Villager (Male) |
| 22:30 | Build | Town Center |
| 22:41 | Create | Battle Elephant |
| 23:00 | Create | Battle Elephant |
| 23:00 | Create | Battle Elephant |
| 23:05 | Create | Villager (Male) |
| 23:14 | Create | Villager (Male) |
| 23:18 | Create | Villager (Male) |
| 23:23 | Create | Battle Elephant |
| 23:35 | Create | Villager (Male) |
| 23:35 | Create | Villager (Male) |
| 23:42 | Create | Villager (Male) |
| 23:45 | Build | Farm |
| 23:47 | Build | Farm |
| 23:47 | Build | Farm |
| 23:48 | Create | Villager (Male) |
| 23:53 | Research | Wheelbarrow |
| 23:53 | Research | Wheelbarrow |
| 23:56 | Create | Villager (Male) |
| 23:56 | Create | Villager (Male) |
| 24:08 | Create | Villager (Male) |
| 24:13 | Build | Farm |
| 24:20 | Create | Battle Elephant |
| 24:20 | Create | Battle Elephant |
| 24:30 | Build | Stable |
| 24:41 | Create | Battle Elephant |
| 24:42 | Create | Villager (Male) |
| 24:44 | Create | Villager (Male) |
| 24:47 | Build | House |
| 24:48 | Create | Villager (Male) |
Build order — CTMl cachi
First 150 of 217 actions detected
| 0:01 | Create | Villager (Male) |
| 0:01 | Create | Villager (Male) |
| 0:01 | Create | Villager (Male) |
| 0:03 | Build | House |
| 0:04 | Build | House |
| 0:07 | Create | Villager (Male) |
| 1:25 | Create | Villager (Male) |
| 1:25 | Create | Villager (Male) |
| 1:51 | Create | Villager (Male) |
| 2:05 | Build | Mule Cart |
| 2:30 | Create | Villager (Male) |
| 2:30 | Create | Villager (Male) |
| 3:00 | Create | Villager (Male) |
| 3:00 | Create | Villager (Male) |
| 3:00 | Create | Villager (Male) |
| 3:02 | Create | Villager (Male) |
| 3:02 | Create | Villager (Male) |
| 3:51 | Create | Villager (Male) |
| 3:52 | Create | Villager (Male) |
| 3:54 | Create | Villager (Male) |
| 3:54 | Create | Villager (Male) |
| 4:00 | Build | House |
| 4:01 | Build | House |
| 4:27 | Create | Villager (Male) |
| 4:27 | Create | Villager (Male) |
| 4:33 | Create | Villager (Male) |
| 4:34 | Create | Villager (Male) |
| 4:46 | Build | Mill |
| 5:10 | Create | Villager (Male) |
| 5:38 | Create | Villager (Male) |
| 6:23 | Research | Loom |
| 6:48 | Research | Feudal Age |
| 6:48 | Research | Feudal Age |
| 7:17 | Build | House |
| 7:44 | Build | Barracks |
| 8:09 | Create | Villager (Male) |
| 8:29 | Create | Militia |
| 8:39 | Create | Militia |
| 9:02 | Research | Man-at-Arms (upgrade) |
| 9:06 | Create | Villager (Male) |
| 9:19 | Create | Militia |
| 9:35 | Create | Villager (Male) |
| 9:37 | Build | House |
| 9:39 | Build | House |
| 10:14 | Create | Militia |
| 10:15 | Create | Villager (Male) |
| 10:35 | Create | Militia |
| 10:48 | Create | Villager (Male) |
| 10:51 | Build | Farm |
| 10:52 | Build | Farm |
| 10:58 | Research | Arson |
| 11:10 | Create | Militia |
| 11:22 | Create | Villager (Male) |
| 11:28 | Build | Farm |
| 11:30 | Build | Farm |
| 11:32 | Build | Farm |
| 11:39 | Create | Militia |
| 11:47 | Create | Militia |
| 11:47 | Create | Militia |
| 12:06 | Create | Spearman |
| 12:06 | Create | Spearman |
| 12:10 | Create | Villager (Male) |
| 12:28 | Create | Villager (Male) |
| 12:28 | Create | Villager (Male) |
| 12:30 | Build | Farm |
| 12:35 | Build | Farm |
| 12:42 | Create | Militia |
| 12:59 | Build | Farm |
| 13:00 | Build | Farm |
| 13:03 | Create | Villager (Male) |
| 13:04 | Create | Villager (Male) |
| 13:13 | Build | House |
| 13:29 | Create | Villager (Male) |
| 13:54 | Create | Villager (Male) |
| 14:10 | Create | Militia |
| 14:35 | Create | Villager (Male) |
| 15:00 | Research | Long Swordsman (upgrade) |
| 15:01 | Create | Villager (Male) |
| 15:13 | Build | House |
| 15:14 | Build | Market |
| 15:31 | Create | Villager (Male) |
| 15:46 | Create | Villager (Male) |
| 15:50 | Build | Blacksmith |
| 15:56 | Create | Spearman |
| 15:56 | Create | Spearman |
| 15:56 | Create | Spearman |
| 16:28 | Create | Spearman |
| 16:30 | Build | Farm |
| 16:36 | Build | House |
| 16:43 | Create | Villager (Male) |
| 16:55 | Build | House |
| 17:34 | Build | Farm |
| 17:35 | Build | Farm |
| 17:35 | Build | Farm |
| 17:36 | Create | Villager (Male) |
| 17:46 | Create | Villager (Male) |
| 17:58 | Create | Villager (Male) |
| 18:08 | Build | Farm |
| 18:09 | Build | Farm |
| 18:09 | Create | Villager (Male) |
| 18:16 | Create | Villager (Male) |
| 19:00 | Research | Castle Age |
| 19:00 | Research | Castle Age |
| 19:06 | Create | Spearman |
| 19:07 | Create | Spearman |
| 19:25 | Build | Mule Cart |
| 19:33 | Research | Double-Bit Axe |
| 19:37 | Research | Horse Collar |
| 19:37 | Research | Horse Collar |
| 20:25 | Research | Scale Mail Armor |
| 20:52 | Create | Villager (Male) |
| 21:06 | Create | Villager (Male) |
| 21:13 | Create | Villager (Male) |
| 21:28 | Create | Villager (Male) |
| 21:47 | Build | Town Center |
| 21:55 | Build | Town Center |
| 21:57 | Create | Villager (Male) |
| 22:27 | Create | Villager (Male) |
| 22:34 | Build | Monastery |
| 22:37 | Create | Villager (Male) |
| 23:06 | Create | Villager (Male) |
| 23:09 | Create | Warrior Priest |
| 23:29 | Build | Farm |
| 23:29 | Build | Farm |
| 23:29 | Build | Farm |
| 23:30 | Build | Farm |
| 23:30 | Build | Farm |
| 23:31 | Create | Villager (Male) |
| 23:31 | Create | Villager (Male) |
| 23:47 | Create | Villager (Male) |
| 23:47 | Create | Villager (Male) |
| 23:58 | Create | Villager (Male) |
| 23:59 | Create | Villager (Male) |
| 24:13 | Build | Farm |
| 24:14 | Create | Villager (Male) |
| 24:14 | Create | Villager (Male) |
| 24:32 | Create | Villager (Male) |
| 24:32 | Create | Villager (Male) |
| 24:47 | Create | Villager (Male) |
| 24:48 | Create | Villager (Male) |
| 24:54 | Build | House |
| 24:55 | Build | Farm |
| 24:55 | Create | Villager (Male) |
| 24:56 | Create | Villager (Male) |
| 25:10 | Create | Villager (Male) |
| 25:10 | Create | Villager (Male) |
| 25:20 | Create | Villager (Male) |
| 25:20 | Create | Villager (Male) |
| 25:21 | Build | Farm |
| 25:22 | Build | Farm |
Build order — Dr. Jenkins
First 150 of 211 actions detected
| 0:02 | Create | Villager (Male) |
| 0:02 | Create | Villager (Male) |
| 0:02 | Create | Villager (Male) |
| 0:04 | Build | House |
| 0:05 | Build | House |
| 0:32 | Create | Villager (Male) |
| 0:32 | Create | Villager (Male) |
| 1:24 | Create | Villager (Male) |
| 1:24 | Create | Villager (Male) |
| 1:46 | Build | Lumber Camp |
| 1:53 | Create | Villager (Male) |
| 1:53 | Create | Villager (Male) |
| 1:53 | Create | Villager (Male) |
| 2:27 | Create | Villager (Male) |
| 2:27 | Create | Villager (Male) |
| 2:51 | Create | Villager (Male) |
| 2:51 | Create | Villager (Male) |
| 2:52 | Create | Villager (Male) |
| 3:24 | Create | Villager (Male) |
| 3:24 | Create | Villager (Male) |
| 3:25 | Create | Villager (Male) |
| 3:25 | Create | Villager (Male) |
| 3:44 | Build | House |
| 4:19 | Create | Villager (Male) |
| 4:19 | Create | Villager (Male) |
| 4:19 | Create | Villager (Male) |
| 4:37 | Create | Villager (Male) |
| 4:37 | Create | Villager (Male) |
| 4:47 | Build | Mill |
| 5:03 | Create | Villager (Male) |
| 5:03 | Create | Villager (Male) |
| 5:03 | Create | Villager (Male) |
| 5:29 | Create | Villager (Male) |
| 5:29 | Create | Villager (Male) |
| 5:36 | Build | House |
| 6:02 | Build | Palisade Wall |
| 6:03 | Build | Palisade Wall |
| 6:03 | Build | Palisade Wall |
| 6:21 | Create | Villager (Male) |
| 6:38 | Create | Villager (Male) |
| 7:13 | Research | Loom |
| 7:13 | Research | Loom |
| 7:23 | Build | Mining Camp |
| 7:51 | Research | Feudal Age |
| 7:52 | Research | Feudal Age |
| 7:56 | Build | Barracks |
| 8:03 | Build | House |
| 8:56 | Build | Lumber Camp |
| 9:16 | Build | House |
| 9:17 | Build | House |
| 9:57 | Build | Palisade Wall |
| 10:01 | Age | Feudal Age |
| 10:21 | Build | Archery Range |
| 10:33 | Build | House |
| 10:36 | Create | Villager (Male) |
| 10:42 | Research | Double-Bit Axe |
| 10:42 | Research | Double-Bit Axe |
| 10:46 | Build | House |
| 11:17 | Create | Archer |
| 11:24 | Create | Villager (Male) |
| 11:32 | Build | House |
| 11:36 | Build | Blacksmith |
| 11:49 | Create | Archer |
| 11:55 | Create | Archer |
| 12:08 | Build | Watch Tower |
| 12:14 | Create | Archer |
| 12:16 | Create | Villager (Male) |
| 12:44 | Research | Padded Archer Armor |
| 12:44 | Research | Fletching |
| 12:45 | Research | Fletching |
| 13:00 | Create | Villager (Male) |
| 13:05 | Build | Farm |
| 13:31 | Create | Villager (Male) |
| 13:41 | Build | Mining Camp |
| 13:53 | Create | Villager (Male) |
| 13:57 | Create | Villager (Male) |
| 14:19 | Build | House |
| 14:33 | Create | Villager (Male) |
| 14:37 | Create | Archer |
| 14:42 | Build | House |
| 14:56 | Create | Villager (Male) |
| 15:00 | Build | House |
| 15:03 | Build | House |
| 15:31 | Build | House |
| 15:38 | Create | Villager (Male) |
| 15:49 | Build | House |
| 15:52 | Build | House |
| 15:56 | Build | Farm |
| 16:17 | Create | Villager (Male) |
| 16:32 | Build | Archery Range |
| 16:43 | Create | Archer |
| 16:45 | Create | Villager (Male) |
| 16:45 | Create | Villager (Male) |
| 17:25 | Create | Archer |
| 17:37 | Create | Archer |
| 17:39 | Create | Villager (Male) |
| 17:55 | Create | Archer |
| 17:55 | Create | Archer |
| 17:55 | Create | Archer |
| 18:05 | Build | Mill |
| 18:05 | Build | Farm |
| 18:05 | Build | Farm |
| 18:06 | Build | Farm |
| 18:06 | Build | Farm |
| 18:06 | Build | Farm |
| 18:06 | Build | Farm |
| 18:07 | Build | Farm |
| 18:07 | Build | Farm |
| 18:37 | Create | Archer |
| 18:50 | Build | Farm |
| 19:08 | Build | Farm |
| 19:08 | Build | Farm |
| 19:09 | Build | Farm |
| 19:09 | Build | Farm |
| 19:18 | Create | Archer |
| 19:18 | Create | Archer |
| 19:18 | Create | Archer |
| 19:46 | Create | Archer |
| 19:46 | Create | Archer |
| 19:48 | Create | Villager (Male) |
| 19:51 | Build | Lumber Camp |
| 20:20 | Create | Archer |
| 20:27 | Build | Farm |
| 20:40 | Create | Villager (Male) |
| 21:12 | Create | Villager (Male) |
| 21:12 | Create | Archer |
| 21:12 | Create | Archer |
| 21:37 | Create | Archer |
| 21:38 | Create | Villager (Male) |
| 21:44 | Research | Horse Collar |
| 21:45 | Research | Horse Collar |
| 22:04 | Create | Archer |
| 22:04 | Create | Archer |
| 22:04 | Create | Archer |
| 22:27 | Create | Archer |
| 22:27 | Create | Archer |
| 22:28 | Create | Villager (Male) |
| 22:45 | Create | Villager (Male) |
| 22:46 | Create | Archer |
| 22:47 | Create | Archer |
| 23:14 | Create | Archer |
| 23:14 | Create | Archer |
| 23:21 | Create | Villager (Male) |
| 23:21 | Create | Villager (Male) |
| 23:37 | Build | Farm |
| 23:38 | Build | Farm |
| 23:38 | Build | Farm |
| 23:38 | Build | Farm |
| 23:38 | Build | Farm |
| 23:55 | Create | Archer |
Build order — eddy1343712
First 150 of 260 actions detected
| 0:01 | Create | Villager (Male) |
| 0:03 | Build | House |
| 0:04 | Build | House |
| 0:04 | Create | Villager (Male) |
| 0:14 | Create | Villager (Male) |
| 0:29 | Create | Villager (Male) |
| 1:10 | Create | Villager (Male) |
| 1:11 | Create | Villager (Male) |
| 1:56 | Create | Villager (Male) |
| 2:18 | Build | Lumber Camp |
| 2:28 | Create | Villager (Male) |
| 2:29 | Create | Villager (Male) |
| 2:58 | Create | Villager (Male) |
| 2:58 | Create | Villager (Male) |
| 3:22 | Create | Villager (Male) |
| 3:22 | Create | Villager (Male) |
| 3:25 | Build | House |
| 3:42 | Create | Villager (Male) |
| 3:42 | Create | Villager (Male) |
| 3:56 | Create | Villager (Male) |
| 4:21 | Build | House |
| 5:00 | Create | Villager (Male) |
| 5:16 | Create | Villager (Male) |
| 5:16 | Create | Villager (Male) |
| 5:18 | Research | Loom |
| 5:54 | Build | Mining Camp |
| 6:40 | Research | Feudal Age |
| 6:41 | Research | Feudal Age |
| 7:15 | Build | Barracks |
| 8:51 | Create | Villager (Male) |
| 8:51 | Age | Feudal Age |
| 8:53 | Build | Archery Range |
| 8:55 | Build | Archery Range |
| 9:09 | Research | Double-Bit Axe |
| 9:10 | Create | Villager (Male) |
| 9:23 | Build | House |
| 9:29 | Create | Villager (Male) |
| 9:43 | Create | Villager (Male) |
| 9:52 | Create | Archer |
| 9:53 | Create | Archer |
| 10:01 | Build | Blacksmith |
| 10:06 | Create | Archer |
| 10:06 | Create | Archer |
| 10:28 | Create | Villager (Male) |
| 10:44 | Build | Mill |
| 10:50 | Build | Mill |
| 10:53 | Create | Archer |
| 10:54 | Create | Archer |
| 10:54 | Create | Villager (Male) |
| 11:08 | Build | House |
| 11:14 | Create | Archer |
| 11:15 | Create | Archer |
| 11:31 | Create | Archer |
| 11:32 | Create | Archer |
| 11:38 | Research | Fletching |
| 11:38 | Research | Fletching |
| 12:00 | Create | Villager (Male) |
| 12:07 | Create | Archer |
| 12:18 | Create | Archer |
| 12:25 | Build | House |
| 12:31 | Create | Archer |
| 12:33 | Create | Villager (Male) |
| 12:51 | Create | Archer |
| 12:54 | Build | Farm |
| 12:57 | Build | Farm |
| 13:07 | Build | House |
| 13:18 | Create | Archer |
| 13:27 | Create | Villager (Male) |
| 13:33 | Build | Farm |
| 13:35 | Create | Archer |
| 13:45 | Build | House |
| 13:48 | Create | Archer |
| 13:49 | Create | Villager (Male) |
| 13:53 | Build | Farm |
| 13:54 | Build | Farm |
| 14:16 | Build | Farm |
| 14:24 | Create | Archer |
| 14:37 | Create | Archer |
| 14:39 | Create | Villager (Male) |
| 14:50 | Create | Archer |
| 14:52 | Create | Villager (Male) |
| 14:58 | Build | Farm |
| 15:07 | Build | House |
| 15:11 | Build | House |
| 15:12 | Build | House |
| 15:15 | Create | Villager (Male) |
| 15:19 | Create | Archer |
| 15:19 | Create | Archer |
| 15:31 | Create | Archer |
| 15:51 | Build | Farm |
| 15:54 | Create | Archer |
| 15:56 | Create | Villager (Male) |
| 16:04 | Create | Archer |
| 16:20 | Build | Farm |
| 16:22 | Create | Villager (Male) |
| 16:26 | Build | House |
| 16:33 | Create | Archer |
| 16:33 | Create | Archer |
| 16:48 | Create | Archer |
| 16:49 | Create | Villager (Male) |
| 17:02 | Create | Archer |
| 17:02 | Create | Archer |
| 17:21 | Create | Villager (Male) |
| 17:32 | Create | Archer |
| 17:34 | Create | Archer |
| 17:39 | Build | Farm |
| 17:42 | Build | Farm |
| 17:46 | Create | Villager (Male) |
| 18:29 | Research | Castle Age |
| 18:29 | Research | Castle Age |
| 18:40 | Create | Archer |
| 18:40 | Create | Archer |
| 19:06 | Research | Padded Archer Armor |
| 19:06 | Research | Padded Archer Armor |
| 19:13 | Create | Archer |
| 19:13 | Create | Archer |
| 19:20 | Build | House |
| 19:38 | Research | Gold Mining |
| 19:39 | Research | Gold Mining |
| 19:42 | Research | Horse Collar |
| 19:42 | Research | Horse Collar |
| 19:50 | Create | Archer |
| 19:50 | Create | Archer |
| 20:18 | Create | Archer |
| 20:27 | Build | House |
| 20:53 | Create | Archer |
| 21:09 | Age | Castle Age |
| 21:11 | Research | Crossbowman (upgrade) |
| 21:12 | Research | Bodkin Arrow |
| 21:12 | Research | Bodkin Arrow |
| 21:14 | Create | Villager (Male) |
| 21:21 | Build | University |
| 21:47 | Create | Archer |
| 21:47 | Create | Villager (Male) |
| 21:52 | Create | Villager (Male) |
| 22:28 | Create | Archer |
| 22:28 | Create | Archer |
| 22:59 | Research | Ballistics |
| 22:59 | Research | Ballistics |
| 23:00 | Create | Villager (Male) |
| 23:00 | Create | Villager (Male) |
| 23:03 | Create | Archer |
| 23:19 | Create | Archer |
| 23:19 | Create | Villager (Male) |
| 23:29 | Build | House |
| 23:37 | Create | Archer |
| 23:38 | Create | Villager (Male) |
| 23:42 | Create | Villager (Male) |
| 23:46 | Build | Farm |
| 23:54 | Research | Bow Saw |
Build order — médjais
First 150 of 180 actions detected
| 0:01 | Create | Villager (Male) |
| 0:02 | Create | Villager (Male) |
| 0:02 | Create | Villager (Male) |
| 0:03 | Build | House |
| 0:04 | Build | House |
| 0:22 | Create | Villager (Male) |
| 0:22 | Create | Villager (Male) |
| 1:29 | Create | Villager (Male) |
| 1:30 | Research | Loom |
| 1:59 | Build | Lumber Camp |
| 2:23 | Create | Villager (Male) |
| 2:23 | Create | Villager (Male) |
| 2:23 | Create | Villager (Male) |
| 3:07 | Create | Villager (Male) |
| 3:08 | Create | Villager (Male) |
| 3:28 | Build | House |
| 3:45 | Create | Villager (Male) |
| 3:45 | Create | Villager (Male) |
| 4:19 | Create | Villager (Male) |
| 4:19 | Create | Villager (Male) |
| 4:19 | Create | Villager (Male) |
| 4:33 | Build | Mill |
| 5:20 | Create | Villager (Male) |
| 5:20 | Create | Villager (Male) |
| 5:39 | Build | House |
| 6:32 | Create | Villager (Male) |
| 6:33 | Create | Villager (Male) |
| 6:49 | Build | Barracks |
| 7:36 | Research | Feudal Age |
| 7:56 | Create | Villager (Male) |
| 8:04 | Build | Mining Camp |
| 8:55 | Build | House |
| 9:46 | Age | Feudal Age |
| 9:53 | Build | Archery Range |
| 9:57 | Build | Archery Range |
| 10:08 | Research | Double-Bit Axe |
| 10:16 | Create | Villager (Male) |
| 10:43 | Create | Archer |
| 10:44 | Create | Archer |
| 10:45 | Create | Archer |
| 11:10 | Build | Blacksmith |
| 11:20 | Create | Archer |
| 11:20 | Create | Archer |
| 11:21 | Create | Villager (Male) |
| 11:49 | Build | Market |
| 11:56 | Create | Villager (Male) |
| 12:07 | Build | House |
| 12:13 | Build | House |
| 12:23 | Create | Archer |
| 12:36 | Create | Archer |
| 12:37 | Create | Archer |
| 12:46 | Research | Fletching |
| 12:53 | Create | Archer |
| 12:53 | Create | Archer |
| 12:53 | Create | Archer |
| 12:58 | Build | Farm |
| 13:01 | Build | Farm |
| 13:05 | Build | House |
| 13:06 | Build | House |
| 13:20 | Create | Archer |
| 13:25 | Research | Padded Archer Armor |
| 13:28 | Create | Archer |
| 13:39 | Build | Farm |
| 13:45 | Create | Archer |
| 13:45 | Create | Archer |
| 14:02 | Create | Villager (Male) |
| 14:04 | Build | Farm |
| 14:17 | Build | Farm |
| 14:40 | Create | Archer |
| 14:41 | Create | Archer |
| 14:41 | Create | Archer |
| 14:49 | Create | Villager (Male) |
| 14:49 | Create | Villager (Male) |
| 14:55 | Build | Farm |
| 15:01 | Create | Villager (Male) |
| 15:22 | Create | Archer |
| 15:22 | Create | Archer |
| 15:24 | Create | Villager (Male) |
| 15:24 | Create | Villager (Male) |
| 15:26 | Build | Farm |
| 15:29 | Build | House |
| 15:30 | Build | House |
| 15:35 | Build | House |
| 16:08 | Build | Farm |
| 16:10 | Build | Farm |
| 16:13 | Create | Villager (Male) |
| 16:58 | Build | Farm |
| 17:00 | Build | Farm |
| 17:03 | Build | Farm |
| 17:09 | Create | Villager (Male) |
| 18:18 | Research | Castle Age |
| 18:53 | Create | Archer |
| 18:54 | Create | Archer |
| 19:02 | Research | Gold Mining |
| 19:05 | Build | House |
| 19:06 | Build | House |
| 19:18 | Build | House |
| 19:33 | Build | House |
| 19:39 | Create | Archer |
| 19:39 | Create | Archer |
| 19:39 | Create | Archer |
| 19:39 | Create | Archer |
| 19:45 | Build | Palisade Wall |
| 20:46 | Build | Archery Range |
| 20:58 | Age | Castle Age |
| 21:04 | Research | Crossbowman (upgrade) |
| 21:24 | Research | Bodkin Arrow |
| 21:40 | Build | House |
| 22:16 | Create | Archer |
| 22:17 | Create | Archer |
| 22:17 | Create | Archer |
| 22:29 | Build | House |
| 22:30 | Build | House |
| 22:35 | Build | Lumber Camp |
| 23:16 | Create | Villager (Male) |
| 23:16 | Create | Villager (Male) |
| 23:42 | Build | Siege Workshop |
| 23:53 | Create | Villager (Male) |
| 23:53 | Create | Villager (Male) |
| 24:38 | Build | Farm |
| 24:39 | Build | Farm |
| 24:41 | Create | Villager (Male) |
| 24:42 | Create | Villager (Male) |
| 24:45 | Build | House |
| 24:46 | Build | House |
| 24:51 | Create | Villager (Male) |
| 24:51 | Create | Villager (Male) |
| 25:12 | Create | Archer ×3 |
| 25:12 | Create | Archer ×3 |
| 25:26 | Create | Villager (Male) |
| 25:26 | Create | Villager (Male) |
| 25:26 | Create | Villager (Male) |
| 25:49 | Create | Mangonel |
| 25:54 | Build | Farm |
| 26:01 | Create | Villager (Male) |
| 26:01 | Create | Villager (Male) |
| 26:16 | Build | Farm |
| 26:27 | Build | House |
| 26:35 | Create | Archer ×4 |
| 26:36 | Create | Archer ×4 |
| 26:48 | Create | Villager (Male) |
| 26:48 | Create | Villager (Male) |
| 26:49 | Create | Villager (Male) |
| 26:52 | Build | Farm |
| 27:05 | Build | Farm |
| 27:08 | Create | Villager (Male) |
| 27:14 | Create | Archer |
| 27:15 | Create | Archer |
| 27:15 | Create | Archer |
| 27:35 | Create | Villager (Male) |
Build order — OnlyTrush
First 150 of 217 actions detected
| 0:00 | Create | Villager (Male) |
| 0:01 | Create | Villager (Male) |
| 0:01 | Create | Villager (Male) |
| 0:02 | Build | House |
| 0:03 | Build | House |
| 0:42 | Create | Villager (Male) |
| 0:42 | Create | Villager (Male) |
| 1:29 | Create | Villager (Male) |
| 1:30 | Create | Villager (Male) |
| 2:08 | Create | Villager (Male) |
| 2:08 | Create | Villager (Male) |
| 2:09 | Create | Villager (Male) |
| 2:09 | Create | Villager (Male) |
| 2:47 | Build | Lumber Camp |
| 2:54 | Create | Villager (Male) |
| 2:54 | Create | Villager (Male) |
| 2:54 | Create | Villager (Male) |
| 3:44 | Create | Villager (Male) |
| 3:44 | Create | Villager (Male) |
| 4:22 | Create | Villager (Male) |
| 4:22 | Create | Villager (Male) |
| 4:22 | Create | Villager (Male) |
| 4:43 | Build | House |
| 4:48 | Research | Loom |
| 4:48 | Research | Loom |
| 5:00 | Create | Villager (Male) |
| 5:01 | Create | Villager (Male) |
| 5:01 | Create | Villager (Male) |
| 5:12 | Build | Mining Camp |
| 6:21 | Research | Feudal Age |
| 6:21 | Research | Feudal Age |
| 6:49 | Build | House |
| 7:37 | Build | Palisade Wall |
| 8:24 | Create | Villager (Male) |
| 8:38 | Age | Feudal Age |
| 8:38 | Build | Palisade Wall |
| 9:09 | Create | Villager (Male) |
| 9:09 | Create | Villager (Male) |
| 9:17 | Create | Villager (Male) |
| 9:32 | Build | Watch Tower |
| 9:34 | Build | Palisade Wall |
| 9:35 | Build | Palisade Wall |
| 9:39 | Build | Palisade Wall |
| 9:40 | Build | Palisade Wall |
| 9:42 | Build | Palisade Wall |
| 9:44 | Build | Palisade Wall |
| 9:46 | Build | Palisade Wall |
| 9:53 | Build | House |
| 9:56 | Create | Villager (Male) |
| 10:24 | Create | Villager (Male) |
| 10:41 | Build | Watch Tower |
| 10:56 | Build | Blacksmith |
| 11:14 | Build | Blacksmith |
| 11:16 | Create | Villager (Male) |
| 11:16 | Create | Villager (Male) |
| 11:16 | Create | Villager (Male) |
| 11:22 | Build | House |
| 11:56 | Build | Watch Tower |
| 12:09 | Research | Fletching |
| 12:09 | Research | Fletching |
| 12:12 | Create | Villager (Male) |
| 12:13 | Create | Villager (Male) |
| 12:13 | Create | Villager (Male) |
| 12:13 | Create | Villager (Male) |
| 13:01 | Build | Mill |
| 13:05 | Create | Villager (Male) |
| 13:05 | Create | Villager (Male) |
| 13:54 | Build | Outpost |
| 13:56 | Research | Town Watch |
| 13:56 | Research | Town Watch |
| 13:58 | Build | Farm |
| 13:58 | Build | Farm |
| 13:58 | Build | Farm |
| 13:59 | Build | Farm |
| 13:59 | Build | Farm |
| 13:59 | Build | Farm |
| 14:00 | Build | Farm |
| 14:31 | Build | House |
| 14:53 | Build | Palisade Gate |
| 15:02 | Create | Villager (Male) |
| 15:02 | Create | Villager (Male) |
| 15:02 | Create | Villager (Male) |
| 16:02 | Build | Stone Wall |
| 16:10 | Create | Villager (Male) |
| 16:12 | Research | Double-Bit Axe |
| 16:12 | Research | Double-Bit Axe |
| 16:13 | Research | Horse Collar |
| 16:13 | Research | Horse Collar |
| 17:06 | Create | Villager (Male) |
| 17:08 | Research | Wheelbarrow |
| 17:08 | Research | Wheelbarrow |
| 17:16 | Build | Palisade Gate |
| 17:22 | Create | Villager (Male) |
| 18:02 | Create | Villager (Male) |
| 18:48 | Build | Watch Tower |
| 19:00 | Build | Watch Tower |
| 19:10 | Research | Stone Mining |
| 19:10 | Research | Stone Mining |
| 19:19 | Build | Mining Camp |
| 19:24 | Create | Villager (Male) |
| 19:43 | Build | Farm |
| 19:43 | Build | Farm |
| 19:43 | Build | Farm |
| 19:44 | Build | Farm |
| 19:44 | Build | Farm |
| 19:44 | Build | Farm |
| 19:44 | Build | Farm |
| 19:45 | Build | Farm |
| 19:45 | Build | Farm |
| 19:51 | Create | Villager (Male) |
| 20:09 | Build | House |
| 20:12 | Build | House |
| 20:22 | Create | Villager (Male) |
| 20:22 | Create | Villager (Male) |
| 20:49 | Build | House |
| 20:51 | Build | House |
| 20:53 | Build | House |
| 20:56 | Build | Palisade Wall |
| 21:48 | Build | Watch Tower |
| 21:54 | Build | House |
| 22:03 | Build | House |
| 22:22 | Build | House |
| 22:25 | Build | House |
| 22:26 | Build | House |
| 22:27 | Build | House |
| 22:28 | Create | Villager (Male) |
| 22:29 | Create | Villager (Male) |
| 22:29 | Create | Villager (Male) |
| 22:41 | Build | Market |
| 22:52 | Build | Watch Tower |
| 22:56 | Create | Villager (Male) |
| 23:19 | Build | Farm |
| 23:49 | Build | House |
| 23:50 | Build | House |
| 23:59 | Research | Castle Age |
| 23:59 | Research | Castle Age |
| 25:24 | Build | Barracks |
| 25:31 | Build | Lumber Camp |
| 25:48 | Build | Farm |
| 25:55 | Research | Scale Barding Armor |
| 25:56 | Research | Scale Barding Armor |
| 26:13 | Build | Stable |
| 26:21 | Build | Stone Wall |
| 26:27 | Build | Stone Wall |
| 26:39 | Age | Castle Age |
| 27:08 | Build | Castle |
| 27:23 | Create | Villager (Male) |
| 27:23 | Create | Villager (Male) |
| 27:23 | Create | Villager (Male) |
| 27:24 | Create | Villager (Male) |
Match timeline
| 6:02 | Dr. Jenkins · wall_segment Palisade Wall x1 |
| 6:03 | Dr. Jenkins · wall_segment Palisade Wall x1 |
| 6:03 | Dr. Jenkins · wall_segment Palisade Wall x1 |
| 6:49 | médjais · first_building Barracks |
| 7:15 | eddy1343712 · first_building Barracks |
| 7:37 | OnlyTrush · wall_segment Palisade Wall x1 |
| 7:44 | CTMl cachi · first_building Barracks |
| 7:56 | Dr. Jenkins · first_building Barracks |
| 8:38 | OnlyTrush · age_up feudal |
| 8:38 | OnlyTrush · wall_segment Palisade Wall x1 |
| 8:51 | Z_1_p_l_a · age_up feudal |
| 8:51 | eddy1343712 · age_up feudal |
| 8:52 | Z_1_p_l_a · first_building Stable |
| 8:53 | eddy1343712 · first_building Archery Range |
| 9:34 | OnlyTrush · wall_segment Palisade Wall x1 |
| 9:35 | OnlyTrush · wall_segment Palisade Wall x1 |
| 9:39 | OnlyTrush · wall_segment Palisade Wall x1 |
| 9:40 | OnlyTrush · wall_segment Palisade Wall x1 |
| 9:42 | OnlyTrush · wall_segment Palisade Wall x1 |
| 9:44 | OnlyTrush · wall_segment Palisade Wall x1 |
| 9:46 | médjais · age_up feudal |
| 9:46 | OnlyTrush · wall_segment Palisade Wall x1 |
| 9:53 | médjais · first_building Archery Range |
| 9:55 | Thundernips, The Ultimate Gigolo · first_building Barracks |
| 9:57 | Dr. Jenkins · wall_segment Palisade Wall x12 |
| 10:01 | Dr. Jenkins · age_up feudal |
| 10:21 | Dr. Jenkins · first_building Archery Range |
| 10:55 | Thundernips, The Ultimate Gigolo · age_up feudal |
| 10:56 | Dango · age_up feudal |
| 10:58 | Thundernips, The Ultimate Gigolo · first_building Stable |
| 11:49 | Dango · first_building Barracks |
| 12:43 | médjais · first_market_sell 100 stone |
| 12:44 | médjais · first_market_buy 100 food |
| 13:08 | Dango · first_building Stable |
| 14:26 | Dango · age_up castle |
| 14:30 | Thundernips, The Ultimate Gigolo · age_up castle |
| 14:35 | Dango · first_building Monastery |
| 16:02 | OnlyTrush · wall_segment Stone Wall x26 |
| 18:25 | CTMl cachi · first_market_buy 100 food |
| 18:27 | Dango · first_market_sell 100 stone |
| 18:27 | Dango · first_market_buy 100 food |
| 19:45 | médjais · wall_segment Palisade Wall x1 |
| 20:56 | OnlyTrush · wall_segment Palisade Wall x1 |
| 20:58 | médjais · age_up castle |
| 21:09 | eddy1343712 · age_up castle |
| 21:10 | Z_1_p_l_a · age_up castle |
| 21:14 | Z_1_p_l_a · first_building Siege Workshop |
| 22:34 | CTMl cachi · first_building Monastery |
| 23:42 | médjais · first_building Siege Workshop |
| 23:55 | OnlyTrush · first_market_sell 100 wood |
| 24:56 | Thundernips, The Ultimate Gigolo · first_building Monastery |
| 25:24 | OnlyTrush · first_building Barracks |
| 25:37 | Z_1_p_l_a · first_market_buy 100 stone |
| 25:55 | CTMl cachi · first_building Castle |
| 26:13 | OnlyTrush · first_building Stable |
| 26:21 | OnlyTrush · wall_segment Stone Wall x3 |
| 26:27 | OnlyTrush · wall_segment Stone Wall x4 |
| 26:39 | OnlyTrush · age_up castle |
| 26:48 | Dr. Jenkins · first_market_sell 100 wood |
| 26:50 | Dr. Jenkins · first_market_buy 100 food |
| 27:01 | OnlyTrush · first_market_buy 100 stone |
| 27:08 | OnlyTrush · first_building Castle |
| 27:20 | Z_1_p_l_a · first_market_sell 100 wood |
| 28:42 | Thundernips, The Ultimate Gigolo · wall_segment Palisade Wall x2 |
| 29:10 | CTMl cachi · wall_segment Palisade Wall x1 |
| 29:33 | Thundernips, The Ultimate Gigolo · first_market_buy 100 wood |
| 30:38 | Dr. Jenkins · age_up castle |
| 30:51 | Thundernips, The Ultimate Gigolo · first_market_sell 100 food |
| 31:53 | Dr. Jenkins · first_building Siege Workshop |
| 31:53 | OnlyTrush · first_building Monastery |
| 32:34 | médjais · resign |
[ AI ANALYSIS · 1 CREDIT ]
What really happened in this match?
Wolo.gg analyzes every decision: build order, eco, micro, common mistakes by bracket. Personalized analysis on WhatsApp or Discord in 30 seconds.
Civ guide
Khmer
Perfil
Jugador #6210776